 Dungeon Crawl Stone Soup version 0.21.1-1-g345015fe64 (webtiles) character file.

4508 Ryomija the Fighter (level 10, 0/101 HPs)
             Began as a Centaur Hunter on May 11, 2018.
             Was a Priest of Okawaru.
             Succumbed to a killer bee's poison
             ... on level 8 of the Dungeon.
             The game lasted 00:53:58 (14345 turns).

Ryomija the Fighter (Centaur Hunter)               Turns: 14345, Time: 00:53:59

Health: 0/101      AC:  4    Str: 16    XL:     10   Next: 16%
Magic:  10/10      EV:  9    Int: 10    God:    Okawaru [***...]
Gold:   379        SH:  3    Dex: 12    Spells: 9/9 levels left

rFire    . . .     SeeInvis .   n - +2 short sword (speed)
rCold    . . .     Gourm    .   (no shield)
rNeg     . . .     Faith    .   c - +0 leather armour
rPois    .         Spirit   .   (no helmet)
rElec    .         Reflect  +   (no cloak)
rCorr    .         Harm     .   (no gloves)
MR       .....                  (no barding)
Stlth    +.........             o - +3 amulet of reflection
HPRegen  0.26/turn              (no ring)
MPRegen  0.12/turn              (no ring)

@: lethally poisoned (0 -> -6), drained, very quick
A: large, hooves 3, deformed body, speed 2, tough skin 3
a: Heroism, Renounce Religion


You were on level 8 of the Dungeon.
You worshipped Okawaru.
Okawaru was most pleased with you.
You were not hungry.

You visited 2 branches of the dungeon, and saw 9 of its levels.

You collected 379 gold pieces.

Inventory:

Hand Weapons
 a - a +1 shortbow
 n - a +2 short sword of speed (weapon)
Armour
 c - a +0 leather armour (worn)
 m - a +1 robe of cold resistance
 r - a cursed +0 plate armour
 t - a +0 ring mail
Jewellery
 l - an uncursed amulet of the gourmand
 o - a +3 amulet of reflection (around neck)
Scrolls
 b - 2 scrolls of blinking {unknown}
 g - 4 scrolls of remove curse
 i - 4 scrolls of identify
 k - a scroll of fog {unknown}
 p - a scroll of random uselessness {unknown}
 s - 2 scrolls of immolation {unknown}
 y - a scroll of enchant weapon {unknown}
 C - a scroll of magic mapping {unknown}
Potions
 e - a potion of brilliance {unknown}
 h - a potion of heal wounds {unknown}
 j - 4 potions of curing {unknown}
 q - 4 potions of flight
 u - a potion of agility {unknown}
 v - a potion of degeneration {unknown}
 w - a potion of haste
 x - a potion of berserk rage {unknown}
 z - a potion of ambrosia {unknown}
 A - a potion of lignification {unknown}
 D - a potion of mutation {unknown}
Books
 B - a book of Cantrips

   Spells                             Type                      Level
   a - Confusing Touch                Hexes                        1
   b - Animate Skeleton               Necromancy                   1
   c - Summon Small Mammal            Summoning                    1
   d - Apportation                    Translocation                1
Comestibles
 f - 22 rations


   Skills:
 + Level 13.0(11.9) Fighting
 - Level 10.1(9.0) Bows
 - Level 1.3(0.5) Dodging
 - Level 0.4(0.0) Stealth


You had 9 spell levels left.
You didn't know any spells.

Dungeon Overview and Level Annotations

Branches:
Dungeon (8/15)             Temple (1/1) D:5
   Lair: D:8-11

Altars:
Ashenzari
Cheibriados
Dithmenos
Elyvilon
Fedhas
Gozag
Hepliaklqana
Kikubaaqudgha
Makhleb
Nemelex Xobeh
Okawaru
Qazlal
Ru
Sif Muna
Trog
Uskayaw
Vehumet
Wu Jian
Xom
Yredelemnul
Zin
The Shining One

Shops:
D:5 [


Innate Abilities, Weirdness & Mutations

You have hooves in place of feet.
Armour fits poorly on your strangely shaped body.
You cover ground very quickly.
You have extremely tough skin. (AC +3)


Message History

You see here an arrow.
An orc priest comes into view.
* * * LOW HITPOINT WARNING * * *
You feel sick.
The orc priest shouts!
The orc priest moves out of view.
* * * LOW HITPOINT WARNING * * *
You feel sick.
* * * LOW HITPOINT WARNING * * *
You feel sick.
* * * LOW HITPOINT WARNING * * *
You feel sick.
You see here an arrow.
* * * LOW HITPOINT WARNING * * *
You feel sick.
* * * LOW HITPOINT WARNING * * *
You feel sick.
* * * LOW HITPOINT WARNING * * *
You feel sick.
You die...

.(((.# #.#.#..#.⌠.#..#..#
..(..# #...####...#..#..#
....y# #....P....#####..#
...(.# #(#o..)...#..#...#
(....# #.#.####..'..#o..#
.....#####o#.#..'..##'#...#
..(..'†o..(#(#..#..#..#...#
.....#######.####..#..#...#
######.#####....@..####o..#
######.....#.........(....#
....##.###.###########(...#
....##.# #.# #<# #....#
....##.# #.# #)# #.z..#
....##.# #.###.## ..z...#
.#####'###......# ....z...#
.# #........#### ...#.#.#.#
.# #...)....# #.........#


There were no monsters in sight!

Vanquished Creatures
  Joseph (D:7)
  Grinder (D:6)
  A hippogriff (D:7)
  4 hogs (D:7)
  A human (D:7)
  An orc warrior (D:6)
  A sky beast (D:5)
  2 ice beasts (D:7)
  An ogre (D:6)
  2 centaurs
  2 wolves (D:8)
  2 bullfrogs (D:8)
  A wyvern zombie (D:7)
  A water moccasin skeleton (D:7)
  A scorpion (D:6)
  9 killer bees
  The ghost of Tegun the Skirmisher, a weakling DsFi (D:3)
  8 wights
  A howler monkey (D:4)
  6 electric eels (D:5)
  A crimson imp (D:5)
  A quasit (D:6)
  2 jellies
  5 hounds
  5 orc wizards
  3 bullfrog skeletons
  2 orc priests
  6 worker ants
  3 gnolls (D:4)
  13 adders
  A shadow imp (D:6)
  An ooze (D:3)
  An adder zombie (D:6)
  2 adder skeletons
  3 worms
  A dart slug (D:1)
  3 leopard geckos
  37 orcs
  7 bats
  2 bat zombies (D:2)
  5 giant cockroaches
  8 goblins
  12 hobgoblins
  10 jackals
  11 kobolds
  3 quokkas
  4 ball pythons
  2 ball python skeletons (D:2)
  4 frilled lizards
  2 jackal skeletons
  A jackal zombie (D:5)
  2 leopard gecko skeletons
  5 rats
215 creatures vanquished.

Vanquished Creatures (others)
  2 plants
2 creatures vanquished.

Grand Total: 217 creatures vanquished

Notes
Turn   | Place    | Note
-------+----------+-------------------------------------------
     0 | D:1      | Ryomija the Centaur Hunter began the quest for the Orb.
     0 | D:1      | Reached XP level 1. HP: 17/17 MP: 1/1
   283 | D:1      | Reached XP level 2. HP: 21/24 MP: 2/2
   903 | D:2      | Reached XP level 3. HP: 29/29 MP: 3/3
  1908 | D:2      | Reached XP level 4. HP: 27/36 MP: 4/4
  2549 | D:3      | Reached XP level 5. HP: 31/41 MP: 5/5
  3190 | D:3      | Noticed Tegun's ghost (weakling DsFi)
  3229 | D:3      | Killed Tegun's ghost
  3229 | D:3      | Reached XP level 6. HP: 26/48 MP: 6/6
  3409 | D:3      | Found a white marble altar of Elyvilon.
  3908 | D:4      | Reached skill level 10 in Bows
  4363 | D:3      | Reached skill level 3 in Fighting
  4643 | D:4      | Reached XP level 7. HP: 50/58 MP: 7/7
  4812 | D:4      | Reached skill level 4 in Fighting
  4938 | D:5      | Entered Level 5 of the Dungeon
  5059 | D:5      | Found Kalu's Antique Armour Shop.
  5464 | D:5      | Reached skill level 5 in Fighting
  5538 | D:5      | Found a glowing silver altar of Zin.
  5674 | D:5      | Reached skill level 6 in Fighting
  6552 | D:5      | Reached XP level 8. HP: 38/71 MP: 8/8
  6818 | D:5      | Found a staircase to the Ecumenical Temple.
  6950 | Temple   | Entered the Ecumenical Temple
  6994 | Temple   | Became a worshipper of Warmaster Okawaru
  7294 | D:6      | Found an iron altar of Okawaru.
  7550 | D:6      | Reached skill level 7 in Fighting
  8637 | D:6      | Reached skill level 8 in Fighting
  8873 | D:6      | Noticed Grinder
  8959 | D:6      | Paralysed by Grinder for 7 turns
  8974 | D:6      | Killed Grinder
  8974 | D:6      | Reached skill level 9 in Fighting
  9810 | D:7      | Noticed a hippogriff
  9823 | D:7      | Killed a hippogriff
  9823 | D:7      | Reached * piety under Okawaru
 10274 | D:7      | Reached XP level 9. HP: 59/85 MP: 9/9
 10280 | D:7      | Reached skill level 10 in Fighting
 10840 | D:7      | Reached ** piety under Okawaru
 10840 | D:7      | Reached skill level 11 in Fighting
 11067 | D:7      | Noticed Joseph
 11752 | D:7      | Killed Joseph
 12357 | D:7      | Reached skill level 12 in Fighting
 13674 | D:8      | Reached XP level 10. HP: 88/100 MP: 10/10
 14273 | D:8      | Reached *** piety under Okawaru
 14273 | D:8      | Reached skill level 13 in Fighting
 14336 | D:8      | HP: 5/101 [poisoned by a killer bee]
 14341 | D:8      | HP: 2/101 [poisoned by a killer bee]
 14345 | D:8      | Succumbed to a killer bee's poison

Skill      XL: |  1  2  3  4  5  6  7  8  9 10 |
---------------+-------------------------------+-----
Bows           | 6 7 8 9 10 | 10.1
Fighting       | 3 6 9 12 13 | 13.0
Dodging        | |  1.3
Stealth        | |  0.4

Action                   |  1- 3 |  4- 6 |  7- 9 | 10-12 || total
-------------------------+-------+-------+-------+-------++-------
Melee: Short sword       |   123 |   179 |   375 |    49 ||   726
       Kick              |    16 |    32 |   112 |    11 ||   171
 Fire: Shortbow          |     6 |    75 |   191 |    68 ||   340
  Use: Scroll            |       |       |     3 |       ||     3
  Eat: Chunk             |    10 |    10 |    25 |     2 ||    47
Armor: Leather armour    |    39 |    55 |    76 |     3 ||   173
Dodge: Dodged            |    67 |    86 |   170 |    27 ||   350
Block: Other             |       |       |     6 |     7 ||    13
